 Dungeon Crawl Stone Soup version 0.28-a0-1159-g27aa881441 (webtiles) character file.

Game seed: 10877416408432809786

75 Essalna the Firebug (level 4, -4/30 HPs)
             Began as a Demonspawn Fire Elementalist on Dec 15, 2021.
             Slain by a goblin (5 damage)
             ... led by Robin
             ... on level 2 of the Dungeon.
             The game lasted 00:03:16 (2533 turns).

Essalna the Firebug (Demonspawn Fire Elementalist)  Turns: 2533, Time: 00:03:17

Health: -4/30      AC:  2    Str:  8    XL:     4   Next: 11%
Magic:  2/8        EV: 14    Int: 19    God:
Gold:   56         SH:  0    Dex: 13    Spells: 7/8 levels left

rFire   . . .      SeeInvis .   b - +0 whip
rCold   . . .      Faith    .   (no shield)
rNeg    . . .      Spirit   .   a - +0 robe
rPois   .          Reflect  .   (no helmet)
rElec   .          Harm     .   (no cloak)
rCorr   +          Rampage  .   (no gloves)
Will    .....                   (no boots)
Stlth   ++........              (no amulet)
HPRegen 0.10/turn               i - ring of resist corrosion
MPRegen 0.11/turn               (no ring)

@: no status effects
A: repulsion field 1, demonic guardian 1
a: no special abilities


You were on level 2 of the Dungeon.
You visited 1 branch of the dungeon, and saw 2 of its levels.

You collected 56 gold pieces.

Inventory:

Hand Weapons
 b - a +0 whip (weapon)
Missiles
 d - 8 poisoned darts
Armour
 a - a +0 robe (worn)
Jewellery
 i - a ring of resist corrosion (left hand)
Scrolls
 c - a scroll of enchant armour {unknown}
 e - a scroll of blinking {unknown}
 g - 2 scrolls of teleportation {unknown}
 h - 3 scrolls of enchant weapon {unknown}
 l - a scroll of identify {unknown}
 m - a scroll of immolation {unknown}
Potions
 f - a potion of cancellation {unknown}
 j - a potion of heal wounds {unknown}
 k - 2 potions of curing {unknown}


   Skills:
 - Level 1.7 Dodging
 - Level 1.7 Stealth
 + Level 2.8 Spellcasting
 + Level 2.3 Conjurations
 + Level 3.4 Fire Magic


You had 7 spell levels left.
You knew the following spells:

 Your Spells              Type           Power      Damage    Failure   Level
a - Foxfire               Conj/Fire      52%        2x1d6     4%          1

Your spell library contained the following spells:

 Spells                   Type           Power      Damage    Failure   Level
 Scorch                   Fire           30%        2d6       6%          2
 Conjure Flame            Conj/Fire      13%        6-21      14%         3
 Inner Flame              Hex/Fire       9%         N/A       22%         3
 Flame Wave               Conj/Fire      13%        2d5       43%         4


Dungeon Overview and Level Annotations

Branches:
Dungeon (2/15)

Altars:

Annotations:
D:2 Robin


Innate Abilities, Weirdness & Mutations

You are surrounded by a mild repulsion field. (EV +2)
A weak demonic guardian rushes to your aid.


Message History

A jackal comes into view.
Robin throws the goblin at you!
The jackal barks!
You hit Robin but do no damage.
Robin is severely wounded.
The goblin hits you with a +0 dagger.
You closely miss Robin.
Robin is severely wounded.
The goblin unwields a +0 dagger.
The goblin wields a +0 hunting sling.
The goblin shoots a stone.
The stone closely misses you.
A jackal comes into view.
The goblin hits you but does no damage.
You closely miss the goblin.
The goblin hits you with a +0 dagger. x2
The jackal barks!
You hit the goblin but do no damage. The goblin hits you with a +0 dagger.
The goblin barely misses you.
You hit the goblin but do no damage. The goblin hits you with a +0 dagger.
The goblin barely misses you.
You hit the goblin.
You kill the goblin!
The goblin barely misses you. Robin closely misses you.
Items here: )) ††.
Robin throws the goblin at you!
You hit the goblin.
The goblin is severely wounded.
The goblin hits you with a +0 dagger.
You closely miss the goblin.
The goblin is severely wounded.
The goblin hits you with a +0 dagger.
* * * LOW HITPOINT WARNING * * *
The goblin unwields a +0 hunting sling.
The goblin wields a +0 dagger.
The goblin hits you with a +0 dagger.
* * * LOW HITPOINT WARNING * * *
A demonic guardian appears!
The goblin hits you with a +0 dagger.
* * * LOW HITPOINT WARNING * * *
You miss the goblin.
The goblin is severely wounded.
Your quasit closely misses the goblin. x3; The goblin completely misses you.
The goblin hits you with a +0 dagger.
You die...

#.# #.# #.# #.#
##############.# #.#
#...........##)# #.#
#)#########.##.# #.# #.#
#...##.# #.# . #.# #.####.#
#.#
....##.#######....#.#####.#
....>.))hgg@g5..............
.....####h######.#.#.#####.#
...| .....#....#.#.#####.#
..g ###.#.#.#..#.#.#.....#
.. #.#.#........#.##### #
#.# #.......<#.##...
#.#.#...).#(##.##...
###...#..........#####
..................†...


You could see Robin, 2 jackals, 2 goblins and a friendly quasit (summoned).

Vanquished Creatures
  2 adders (D:2)
  A dart slug (D:1)
  5 endoplasms
  2 giant cockroaches (D:1)
  4 hobgoblins
  6 kobolds
  4 quokkas
  5 ball pythons
  4 bats (D:1)
  A frilled lizard (D:1)
  11 goblins
  6 rats
51 creatures vanquished.

Vanquished Creatures (others)
  179 foxfires
179 creatures vanquished.

Grand Total: 230 creatures vanquished

Notes
Turn   | Place    | Note
-------+----------+-------------------------------------------
     0 | D:1      | Essalna the Demonspawn Fire Elementalist began the quest
                  | for the Orb.
     0 | D:1      | Reached XP level 1. HP: 13/13 MP: 3/3
   424 | D:1      | Gained mutation: You are surrounded by a mild repulsion
                  | field. (EV +2) [demonic ancestry]
   424 | D:1      | Reached XP level 2. HP: 19/19 MP: 0/5
   739 | D:1      | Reached skill level 3 in Fire Magic
  1491 | D:1      | Gained mutation: A weak demonic guardian rushes to your
                  | aid. [demonic ancestry]
  1491 | D:1      | Reached XP level 3. HP: 24/24 MP: 2/6
  2512 | D:2      | Reached XP level 4. HP: 30/30 MP: 4/8
  2512 | D:2      | Noticed Robin
  2532 | D:2      | HP: 1/30 [goblin[Robin] (4)]
  2533 | D:2      | Slain by a goblin

Illustrated notes

Levels and vault maps discovered:
D:1:      elethiomel_arrival_infinity_welcomes_careful_drivers, layout_basic
D:2:      layout_basic, chequers_serial_rivers_micro_e, uniq_robin

Skill      XL: |  1  2  3 |
---------------+----------+-----
Fire Magic     | 3 |  3.4
Conjurations   | 2 |  2.3
Dodging        | |  1.7
Stealth        | |  1.7
Spellcasting   | |  2.8

Action                   |  1- 3 |  4- 6 || total
-------------------------+-------+-------++-------
Melee: Whip              |    36 |    14 ||    50
 Cast: Foxfire           |   103 |     5 ||   108
Armor: Robe              |    10 |     4 ||    14
Dodge: Dodged            |    33 |     6 ||    39

Table legend: (Time is in decaauts)
 A = Elapsed time spent in this place.
 B = Non-inter-level travel time spent in this place.
 C = Inter-level travel time spent in this place.
 D = Time resting spent in this place.
 E = Time spent auto-exploring this place.
 F = Levels seen in this place.
 G = Mean time per level.
                   A        B        C        D        E       F      G
               +--------+--------+--------+--------+--------+-----+--------+
         Total |   2536 |   2490 |     46 |      0 |   2177 |   2 | 1268.0 |
       Dungeon |   2536 |   2490 |     46 |      0 |   2177 |   2 | 1268.0 |
               +--------+--------+--------+--------+--------+-----+--------+

Top non-repeatable levels by time:
     D:1: 1738 daAuts
     D:2: 798 daAuts
